 Dungeon Crawl Stone Soup version 0.19.0-2-gae57169 (webtiles) character file.

119951 tsouns the Fencer (level 16, -3/120 HPs)
             Began as a High Elf Berserker on Nov 5, 2016.
             Was a High Priest of Trog.
             Slain by a jumping spider (17 damage)
             ... on level 1 of the Spider Nest.
             The game lasted 01:52:12 (31461 turns).

tsouns the Fencer (High Elf Berserker)             Turns: 31461, Time: 01:52:13

Health: -3/120     AC: -8    Str: 26    XL:     16   Next: 29%
Magic:  7/7        EV: 14    Int: 12    God:    Trog [*****.]
Gold:   1069       SH:  0    Dex: 19    Spells: 0 memorised, 15 levels left

rFire  + . .     SeeInvis .     O - +4 triple sword (antimagic)
rCold  + + .     Gourm    .     M - +2 plate armour {rC+}
rNeg   + . .     Faith    .     (shield currently unavailable)
rPois  +         Spirit   .     k - +1 helmet
rElec  .         Reflect  .     q - +1 cloak {rPois}
rCorr  .         Harm     .     y - +0 pair of gloves "Ywne Ewax" {rN+ Str+3}
MR     ++++.                    l - +2 pair of boots {Fly}
Stlth  ..........               a - amulet of regeneration
                                T - ring "Idihio" {Wiz rF+ Str+2}
                                m - ring of protection from magic

@: corroded, flying, regenerating
A: agile 1, cold resistance 1, evolution 1
a: Berserk, Trog's Hand, Brothers in Arms, Burn Spellbooks, Renounce Religion,
Stop Flying


You were on level 1 of the Spider Nest.
You worshipped Trog.
Trog was extremely pleased with you.
You were not hungry.

You visited 5 branches of the dungeon, and saw 25 of its levels.
You also visited: Bailey and Volcano.

You collected 2587 gold pieces.
You spent 1518 gold pieces at shops.

Inventory:

Hand Weapons
 O - a +4 antimagic triple sword (weapon)
 Y - a +2 great sword of flaming
Missiles
 d - 46 tomahawks of returning (quivered)
 E - 2 throwing nets
 Q - 5 javelins of returning
 Z - 4 javelins of penetration
Armour
 k - a +1 helmet (worn)
 l - a +2 pair of boots of flying (worn)
 q - a +1 cloak of poison resistance (worn)
 y - the +0 pair of gloves "Ywne Ewax" (worn) {rN+ Str+3}
   (You found it on level 10 of the Dungeon)

   It affects your strength (+3).
   It protects you from negative energy.
 M - a +2 plate armour of cold resistance (worn)
Jewellery
 a - an amulet of regeneration (around neck)
 m - a ring of protection from magic (left hand)
 N - an uncursed ring of protection from cold
 T - the ring "Idihio" (right hand) {Wiz rF+ Str+2}
   (You found it on level 10 of the Dungeon)

   [ring of wizardry]

   It improves your spell success rate.
   It affects your strength (+2).
   It protects you from fire.
Wands
 h - a wand of paralysis (10/24)
 j - a wand of confusion (22/48)
 t - a wand of slowing (23/48)
 z - a wand of paralysis (15/24)
 G - a wand of teleportation (4/9)
 L - a wand of slowing (21/48)
 U - a wand of lightning (6/15)
 X - a wand of polymorph (4/24)
Scrolls
 b - 3 scrolls of recharging
 g - 2 scrolls of blinking
 o - a scroll of fog
 u - 16 scrolls of teleportation
 B - 13 scrolls of remove curse
 C - a scroll of fear
 H - 4 scrolls of summoning
 S - 5 scrolls of magic mapping
Potions
 e - 10 potions of curing
 f - a potion of cancellation
 s - 2 potions of heal wounds
 w - 10 potions of agility
 x - a potion of might
 A - 4 potions of magic
 D - 4 potions of berserk rage
 F - a potion of resistance
 J - a potion of haste
 K - 3 potions of brilliance
 P - 3 potions of cure mutation
Books
 W - a book of Callings

   Spells                             Type                      Level
   a - Summon Small Mammal            Summoning                    1
   b - Call Imp                       Summoning                    2
   c - Call Canine Familiar           Summoning                    3
   d - Summon Guardian Golem          Hexes/Summoning              3
   e - Summon Lightning Spire         Summoning/Air                4
   f - Summon Ice Beast               Ice/Summoning                4
   Trog disapproves of the use of such an item.
Miscellaneous
 i - a fan of gales (inert)
Comestibles
 c - 18 bread rations
 n - 13 beef jerkies
 p - 2 chunks of flesh
 r - 23 fruits
 v - 7 meat rations


   Skills:
 + Level 14.6 Fighting
 + Level 20.5 Long Blades
 - Level 7.1 Throwing
 + Level 11.7 Armour
 + Level 9.6 Dodging
 + Level 2.9 Stealth
 - Level 7.0 Evocations


You had 15 spell levels left.
You didn't know any spells.

Dungeon Overview and Level Annotations

Branches:
Dungeon (15/15)            Temple (0/1) D:6            Lair (6/6) D:8
 Shoals (0/4) Lair:2       Spider (1/4) Lair:4        Slime (0/5) Lair:6
    Orc (2/2) D:12            Elf (1/3) Orc:2        Vaults (0/5) D:14
 Depths (0/5) D:15

Altars:
Ashenzari
Cheibriados
Dithmenos
Elyvilon
Fedhas
Kikubaaqudgha
Makhleb
Okawaru
Sif Muna
Uskayaw
Xom
Yredelemnul
Beogh
Jiyva

Shops:
D:4 !   D:5 ?   D:8 [   D:12 (   D:15 (%   Orc:2 *:!=

Annotations:
Lair:6 1 runed door


Innate Abilities, Weirdness & Mutations

You are agile. (Dex +2)
Your flesh is cold resistant. (rC+)
You evolve.


Message History

The tarantella is heavily wounded.
Your iron troll misses the tarantella.
Your iron troll claws the tarantella!!
The tarantella dies!
Trog accepts your kill.
The entropy weaver hits your iron troll but does no damage. x2
The entropy weaver hits your iron troll.
The entropy weaver hits your iron troll but does no damage.
Your iron troll bites the entropy weaver!!!
Your iron troll claws the entropy weaver!!
The entropy weaver dies!
Trog accepts your kill.
Trog appreciates your killing of a magic user.
The jumping spider pounces on you.
* * * LOW HITPOINT WARNING * * *
The jumping spider closely misses you.
Unknown command.
Your skin crawls.
You feel resistant to hostile enchantments.
You feel somewhat more hungry. The jumping spider pounces on you!
You die...

.##......## . .......
....##....# .. .......
.......#..####. ....s.>
........#..... .....
............# ...
............## ##s#
.............## #T#
..........###.###s#
.........#......@#†.s..#
.....#..........##.####..
##..#.##.........#.#
##..#............#..
..#.#.....).....##..
................. ..#
...#...........#^....
...#..#.......##..
...#...###...


You could see an orb spider, a jumping spider and a friendly iron troll
(berserk).

Vanquished Creatures
  Rupert (Lair:6)
  An orc warlord (Bailey)
  A frost giant (D:15)
  An entropy weaver (Spider:1)
  Azrael (D:13)
  Snorg (Lair:3)
  The ghost of skk the Cleaver, a journeyman DDFi of Trog (D:12)
  Harold (Lair:1)
  6 hydras
  A centaur warrior (D:15)
  A death knight (D:13)
  A vault guard (D:14)
  3 dancing weapons
  4 death yaks (Lair:6)
  An ogre mage (D:15)
  2 tengu warriors (D:15)
  Urug (D:13)
  A sun demon (Volcano)
  2 skeletal warriors (D:13)
  A hell knight (Volcano)
  A deep elf archer (Elf:1)
  A wizard (D:15)
  10 hill giants
  3 unseen horrors
  7 orc knights
  An orb spider (Lair:4)
  8 ugly things
  The ghost of Dustman the Slasher, a novice HuGl of Makhleb (D:7)
  3 cyclopes
  5 orc sorcerers
  3 deep elf magi
  2 wolf spiders (Spider:1)
  5 manticores
  10 elephants
  A moth of wrath (Spider:1)
  10 black mambas
  4 centaur zombies (D:14)
  The ghost of Jano the Chiller, a novice KoIE of Dithmenos (Bailey)
  2 black mambas (shapeshifter)
  A torpor snail (Lair:5)
  A guardian serpent (Lair:6)
  2 gargoyles
  16 spiny frogs
  Maurice (D:11)
  A kobold demonologist (D:12)
  A freezing wraith (D:13)
  A demonic crawler (Spider:1)
  2 rime drakes
  4 red devils (Volcano)
  6 komodo dragons
  A yaktaur (D:15)
  3 meliai (D:13)
  A hornet (shapeshifter) (D:15)
  8 polar bears
  11 trolls
  6 jumping spiders (Spider:1)
  A merfolk (Spider:1)
  4 hornets
  6 raiju (Lair:6)
  5 two-headed ogres
  Prince Ribbit (D:8)
  10 blink frogs
  7 hippogriffs
  5 slime creatures (D:12)
  8 dream sheep (Lair:6)
  An air elemental (Elf:1)
  9 redbacks
  9 tarantellas (Spider:1)
  A shadow (D:15)
  A spriggan (D:7)
  A water elemental (Elf:1)
  5 basilisks
  8 wyverns
  45 yaks
  2 fire elementals (D:13)
  Grum (D:8)
  2 hungry ghosts
  3 vampire mosquitoes (D:13)
  A steam dragon (D:10)
  Menkaure (D:4)
  9 wargs
  6 hell hounds
  17 water moccasins
  12 porcupines
  Duvessa (D:4)
  46 orc warriors
  9 black bears (Lair:6)
  An ice beast (D:7)
  2 phantoms
  3 sky beasts
  2 necrophages
  11 wolves
  12 ogres
  26 centaurs
  10 crocodiles
  The ghost of Khazard the Conjurer, an amateur TeWz (D:3)
  3 big kobolds
  28 bullfrogs
  Dowan (D:4)
  8 scorpions
  7 killer bees
  2 electric eels
  5 howler monkeys
  2 vampire bats (D:3)
  9 wights
  5 crimson imps
  2 bullfrog zombies
  16 hounds
  4 quasits
  2 jellies
  15 orc priests
  27 orc wizards
  2 iguanas (D:11)
  2 bullfrog skeletons
  8 centaur skeletons
  9 hell rats (Lair:5)
  6 worker ants
  2 hound skeletons
  A mummy (D:7)
  A howler monkey zombie (D:9)
  A worker ant zombie (D:11)
  5 gnolls
  20 adders
  19 river rats
  3 shadow imps
  A white imp (D:5)
  2 oozes
  An adder skeleton (D:4)
  5 worms
  2 dart slugs
  4 leopard geckos
  88 orcs
  5 giant cockroaches
  16 goblins
  7 hobgoblins
  15 jackals
  4 quokkas
  A ball python (D:3)
  22 bats
  7 frilled lizards
  33 kobolds
  3 leopard gecko skeletons
  40 rats
  A plant (Lair:6)
953 creatures vanquished.

Vanquished Creatures (collateral kills)
  An entropy weaver (Spider:1)
  5 hydras
  Pikel (D:8)
  A wolf spider (Lair:6)
  Joseph (D:10)
  A black mamba (Lair:6)
  A spiny frog (Lair:6)
  A rime drake (Lair:3)
  A jumping spider (Spider:1)
  3 polar bears (Lair:6)
  A hornet (Lair:6)
  2 blink frogs (Lair:6)
  3 dream sheep (Lair:6)
  A tarantella (Spider:1)
  A redback (Lair:6)
  A yak (D:11)
  A wyvern (D:8)
  2 water moccasins (Lair:6)
  An orc warrior (D:8)
  4 black bears (Lair:6)
  A wolf (Lair:6)
  A centaur (D:11)
  A big kobold (D:11)
  5 killer bees (D:7)
  A crimson imp (D:11)
  A hound (Lair:6)
  An orc wizard (D:11)
  3 worker ants (Lair:6)
  A river rat (D:8)
  4 orcs
  A jackal (D:7)
  A quokka (D:8)
54 creatures vanquished.

Vanquished Creatures (others)
  A hound (Lair:6)
  An orc wizard (D:10)
  A kobold (Bailey)
  2 bushes (Lair:6)
  34 fungi
  55 plants (Lair:6)
94 creatures vanquished.

Grand Total: 1101 creatures vanquished

Notes
Turn   | Place    | Note
-------+----------+-------------------------------------------
     0 | D:1      | tsouns the High Elf Berserker began the quest for the Orb.
     0 | D:1      | Reached XP level 1. HP: 16/16 MP: 2/2
   396 | D:1      | Reached XP level 2. HP: 15/21 MP: 3/3
   540 | D:1      | Reached skill level 4 in Long Blades
   812 | D:2      | Found an iron altar of Okawaru.
   874 | D:2      | Reached ** piety under Trog
   936 | D:2      | Reached XP level 3. HP: 21/26 MP: 4/4
  1286 | D:2      | Found a hide-covered altar of Uskayaw.
  1363 | D:2      | Reached skill level 5 in Long Blades
  1505 | D:2      | Reached XP level 4. HP: 22/33 MP: 5/5
  2448 | D:3      | Found a burning altar of Makhleb.
  2449 | D:3      | Noticed Khazard's ghost (amateur TeWz)
  2463 | D:3      | Killed Khazard's ghost
  2463 | D:3      | Reached skill level 6 in Long Blades
  2463 | D:3      | Reached XP level 5. HP: 38/38 MP: 6/6
  2747 | D:3      | Reached *** piety under Trog
  2755 | D:3      | Reached skill level 5 in Fighting
  2755 | D:3      | Reached XP level 6. HP: 42/45 MP: 7/7
  3008 | D:4      | Reached skill level 7 in Long Blades
  3049 | D:4      | Noticed Duvessa
  3049 | D:4      | Noticed Dowan
  3063 | D:4      | Killed Duvessa
  3073 | D:4      | Killed Dowan
  3073 | D:4      | Reached XP level 7. HP: 51/51 MP: 8/8
  3471 | D:4      | Found Ejol's Distillery.
  3478 | D:4      | Bought a potion of agility for 52 gold pieces
  3478 | D:4      | Bought a potion of degeneration for 13 gold pieces
  3478 | D:4      | Bought a potion of might for 52 gold pieces
  3478 | D:4      | Bought a potion of heal wounds for 65 gold pieces
  3678 | D:4      | Noticed Menkaure
  3687 | D:4      | Killed Menkaure
  3687 | D:4      | Reached skill level 8 in Long Blades
  4089 | D:5      | Entered Level 5 of the Dungeon
  4113 | D:5      | Found a blossoming altar of Fedhas.
  4113 | D:5      | Found a shadowy altar of Dithmenos.
  4116 | D:5      | Found an ancient bone altar of Kikubaaqudgha.
  4303 | D:5      | Reached skill level 9 in Long Blades
  4303 | D:5      | Reached XP level 8. HP: 42/58 MP: 9/9
  4557 | D:5      | Found a shimmering altar of Xom.
  4728 | D:5      | Found Mesi's Magic Scroll Boutique.
  4732 | D:5      | Bought a scroll of fear for 38 gold pieces
  4732 | D:5      | Bought a scroll of identify for 22 gold pieces
  4732 | D:5      | Bought a scroll of teleportation for 33 gold pieces
  4829 | D:5      | Reached **** piety under Trog
  5358 | D:6      | Found a staircase to the Ecumenical Temple.
  5359 | D:6      | Found a shattered altar of Ashenzari.
  5677 | D:7      | Noticed Dustman's ghost (novice HuGl)
  5679 | D:7      | Reached skill level 10 in Long Blades
  5981 | D:7      | Found a snail-covered altar of Cheibriados.
  6063 | D:7      | Reached XP level 9. HP: 63/66 MP: 10/10
  6120 | D:7      | Killed Dustman's ghost
  6273 | D:7      | Reached skill level 5 in Dodging
  6692 | D:7      | Reached skill level 11 in Long Blades
  6709 | D:7      | Found a deep blue altar of Sif Muna.
  6732 | D:8      | Noticed a manticore
  6746 | D:8      | Killed a manticore
  6982 | D:8      | Noticed Prince Ribbit
  6992 | D:8      | Killed Prince Ribbit
  6992 | D:8      | Reached skill level 5 in Armour
  6992 | D:8      | Reached XP level 10. HP: 67/74 MP: 11/11
  7140 | D:8      | Reached ***** piety under Trog
  7511 | D:8      | Found Exadd's Antique Armour Shoppe.
  7536 | D:8      | Found a staircase to the Lair.
  7764 | D:8      | Noticed Grum
  7778 | D:8      | Killed Grum
  7787 | D:8      | Noticed Pikel
  7793 | D:8      | Killed Pikel
  7853 | D:8      | Found a basalt altar of Yredelemnul.
  7920 | D:8      | Found a white marble altar of Elyvilon.
  8420 | D:9      | Reached skill level 10 in Fighting
  8420 | D:9      | Reached skill level 12 in Long Blades
  8657 | D:9      | You fall through a shaft for 2 floors!
  8665 | D:11     | Received a gift from Trog
  8830 | D:11     | Noticed a cyclops
  8836 | D:11     | Killed a cyclops
  9126 | D:11     | Noticed a hill giant
  9136 | D:11     | Killed a hill giant
  9213 | D:11     | Reached XP level 11. HP: 50/82 MP: 12/12
  9373 | D:11     | Noticed a hill giant
  9383 | D:11     | Killed a hill giant
  9452 | D:11     | Got a transparent ring mail
  9463 | D:11     | Identified the cursed +1 ring mail "Fyreymp" {+Fly MR+ Int+7} (You found it on level 11 of the Dungeon)
  9497 | D:10     | Entered Level 10 of the Dungeon
  9497 | D:10     | Noticed a hill giant
  9504 | D:10     | Killed a hill giant
  9733 | D:10     | Noticed a hill giant
  9741 | D:10     | Killed a hill giant
  9754 | D:10     | Got a twitching brass ring
  9756 | D:10     | Identified the ring "Idihio" {Wiz rF+ Str+2} (You found it on level 10 of the Dungeon)
  9814 | D:10     | Got a pair of faintly humming gloves
  9820 | D:10     | Identified the cursed +0 pair of gloves "Ywne Ewax" {rN+ Str+3} (You found it on level 10 of the Dungeon)
  9893 | D:10     | Noticed Joseph
  9915 | D:10     | Killed Joseph
  9915 | D:10     | Received a gift from Trog
 10195 | D:10     | Reached skill level 13 in Long Blades
 10828 | D:11     | Noticed Sonja
 10838 | D:11     | Noticed Sonja
 10838 | D:11     | Sonja changed into Sonja the big kobold
 10840 | D:11     | Killed Sonja the big kobold
 11173 | D:11     | Noticed a hill giant
 11183 | D:11     | Killed a hill giant
 11815 | D:11     | Noticed a hill giant
 11827 | D:11     | Killed a hill giant
 11867 | D:11     | Noticed Maurice
 11902 | D:11     | Killed Maurice
 12127 | D:12     | Received a gift from Trog
 12170 | D:12     | Reached XP level 12. HP: 87/90 MP: 13/13
 12295 | D:12     | Reached skill level 14 in Long Blades
 12607 | D:12     | Noticed skk's ghost (journeyman DDFi)
 12628 | D:12     | Killed skk's ghost
 12914 | D:12     | Found Cylif's Weapon Shop.
 12915 | D:12     | Found a staircase to the Orcish Mines.
 13601 | Lair:1   | Entered Level 1 of the Lair of Beasts
 13677 | Lair:1   | Reached skill level 10 in Armour
 13777 | Lair:1   | Reached skill level 15 in Long Blades
 13913 | Lair:1   | Noticed Harold
 13928 | Lair:1   | Killed Harold
 14001 | Lair:1   | Got a blackened scale mail
 14012 | Lair:1   | Identified the +6 scale mail of the Land of Plenty {*Corrode rF++ Str+2 Dex+2} (You found it on level 1 of the Lair of Beasts)
 14445 | Lair:2   | Noticed a seven-headed hydra
 14458 | Lair:2   | Killed a nine-headed hydra
 14494 | Lair:2   | Reached skill level 1 in Evocations
 14537 | Lair:2   | Reached XP level 13. HP: 85/98 MP: 14/14
 15681 | Lair:2   | Found a staircase to the Shoals.
 16017 | Lair:3   | Noticed Snorg
 16028 | Lair:3   | Killed Snorg
 16028 | Lair:3   | Reached skill level 1 in Throwing
 17201 | Lair:4   | Paralysed by a hornet for 2 turns
 17370 | Lair:4   | Found a hole to the Spider Nest.
 18514 | Lair:5   | Got a spiked plate armour
 18525 | Lair:5   | Identified the +5 plate armour of the Peculiar Spirits {Int+6 Dex-2} (You found it on level 5 of the Lair of Beasts)
 18621 | Lair:5   | Received a gift from Trog
 19474 | Lair:6   | Entered Level 6 of the Lair of Beasts
 19626 | Lair:6   | Noticed Rupert
 19650 | Lair:6   | Killed Rupert
 19650 | Lair:6   | Reached skill level 16 in Long Blades
 19650 | Lair:6   | Reached XP level 14. HP: 106/106 MP: 6/18
 20378 | Lair:6   | Found a runed door.
 20378 | Lair:6   | Found a viscous altar of Jiyva.
 20378 | Lair:6   | Found a staircase to the Slime Pits.
 20520 | Lair:6   | Reached skill level 17 in Long Blades
 21096 | Lair:6   | Received a gift from Trog
 21375 | Lair:6   | Reached skill level 18 in Long Blades
 21494 | Lair:6   | Received a gift from Trog
 22504 | Lair:6   | Reached skill level 19 in Long Blades
 22789 | Lair:6   | Received a gift from Trog
 23398 | Orc:1    | Entered Level 1 of the Orcish Mines
 23398 | Orc:1    | Found a burning altar of Makhleb.
 23408 | Orc:1    | Received a gift from Trog
 23506 | Orc:1    | Found a roughly hewn altar of Beogh.
 23588 | Orc:1    | Found a dark tunnel.
 23729 | Volcano  | Entered a volcano
 23853 | Volcano  | Reached XP level 15. HP: 75/111 MP: 6/19
 23973 | Orc:2    | Entered Level 2 of the Orcish Mines
 24371 | Orc:2    | Reached skill level 5 in Evocations
 24653 | Orc:2    | Found a roughly hewn altar of Beogh.
 25050 | Orc:1    | Received a gift from Trog
 26383 | Orc:2    | Found a staircase to the Elven Halls.
 26394 | Orc:2    | Received a gift from Trog
 26470 | Orc:2    | Found Ossorusa's Book Shoppe.
 26470 | Orc:2    | Found Letonkirph's Distillery.
 26472 | Orc:2    | Found Ygyimmia's Jewellery Shop.
 26474 | Orc:2    | Found Unonti's General Store.
 26479 | Orc:2    | Bought a potion of curing for 33 gold pieces
 26479 | Orc:2    | Bought a potion of curing for 33 gold pieces
 26479 | Orc:2    | Bought a potion of curing for 33 gold pieces
 26486 | Orc:2    | Bought a potion of curing for 45 gold pieces
 26486 | Orc:2    | Bought a potion of curing for 45 gold pieces
 26486 | Orc:2    | Bought a +2 pair of boots of flying for 322 gold pieces
 26497 | Orc:2    | Bought a +5 amulet of reflection for 375 gold pieces
 27294 | D:13     | Noticed Urug
 27295 | D:13     | Noticed Azrael
 27622 | D:13     | Reached skill level 5 in Throwing
 27855 | D:13     | Killed Urug
 27914 | D:13     | Killed Azrael
 28400 | D:14     | Found a flagged portal.
 28406 | Bailey   | Entered a bailey
 28406 | Bailey   | Noticed Jano's ghost (novice KoIE)
 28415 | Bailey   | Killed Jano's ghost
 28415 | Bailey   | Reached skill level 20 in Long Blades
 28421 | Bailey   | Noticed an orc warlord
 28530 | Bailey   | Found a runed gate.
 28532 | Bailey   | Found a runed gate.
 28534 | Bailey   | Found a runed gate.
 28683 | Bailey   | Killed an orc warlord
 28708 | Bailey   | Gained mutation: Your muscles are strong. (Str +2) [potion of beneficial mutation]
 28709 | Bailey   | Gained mutation: You evolve. [potion of beneficial mutation]
 28749 | D:14     | Lost mutation: Your muscles are strong. (Str +2) [evolution]
 28809 | D:14     | Found a shadowy altar of Dithmenos.
 29034 | D:14     | Gained mutation: Your flesh is cold resistant. (rC+) [potion of beneficial mutation]
 29035 | D:14     | Gained mutation: You are agile. (Dex +2) [potion of beneficial mutation]
 29089 | D:14     | Found a gate to the Vaults.
 29322 | D:15     | Entered Level 15 of the Dungeon
 29344 | D:15     | Received a gift from Trog
 29656 | D:15     | Received a gift from Trog
 29704 | D:15     | Found Cir Deno's Food Shoppe.
 30162 | D:15     | Found a staircase to the Depths.
 30162 | D:15     | Noticed a frost giant
 30169 | D:15     | Killed a frost giant
 30261 | D:15     | Found Waag's Antique Weapon Shoppe.
 30393 | D:12     | Reached XP level 16. HP: 82/120 MP: 7/22
 30399 | D:12     | Reached ****** piety under Trog
 30501 | Elf:1    | Entered Level 1 of the Elven Halls
 30503 | Elf:1    | Received a gift from Trog
 30844 | D:8      | Bought an embroidered cloak for 357 gold pieces
 30949 | Spider:1 | Entered Level 1 of the Spider Nest
 30994 | Spider:1 | Received a gift from Trog
 31196 | Spider:1 | Reached skill level 1 in Stealth
 31461 | Spider:1 | Slain by a jumping spider

Skill      XL: |  1  2  3  4  5  6  7  8  9 10 11 12 13 14 15 16 |
---------------+-------------------------------------------------+-----
Long Blades    | 4 5 6 7 9 10 11 12 13 15 16 19 20 | 20.5
Fighting       | 4 5 6 8 9 10 11 12 13 14 | 14.6
Armour         | 3 5 6 8 10 11 | 11.7
Dodging        | 3 6 8 9 |  9.6
Evocations     | 1 4 7 |  7.0
Throwing       | 3 4 6 7 |  7.1
Stealth        | 2 |  2.9

Action                   |  1- 3 |  4- 6 |  7- 9 | 10-12 | 13-15 | 16-18 || total
-------------------------+-------+-------+-------+-------+-------+-------++-------
Melee: Falchion          |   108 |    39 |       |       |       |       ||   147
       Long sword        |       |   111 |   280 |   864 |   278 |       ||  1533
       Triple sword      |       |       |       |       |  1185 |   114 ||  1299
       Demon blade       |       |       |       |       |    57 |       ||    57
       Great sword       |       |       |       |       |     8 |    72 ||    80
Throw: Stone             |       |       |     2 |       |       |       ||     2
       Javelin           |       |       |       |     1 |     9 |       ||    10
       Throwing net      |       |       |       |       |     1 |       ||     1
Invok: Berserk           |       |     2 |     4 |    15 |    16 |     1 ||    38
       Trog's Hand       |       |     1 |       |     2 |     3 |     1 ||     7
       Brothers in Arms  |       |       |     1 |     9 |    13 |     1 ||    24
       Burn Spellbooks   |       |       |       |     2 |     3 |       ||     5
Evoke: Wand              |       |       |       |    13 |    22 |     2 ||    37
       Fan of gales      |       |       |       |     1 |       |     1 ||     2
  Use: Scroll            |       |     8 |     6 |    12 |    19 |     1 ||    46
       Potion            |       |       |       |     4 |     8 |     2 ||    14
 Stab: Paralysed         |       |       |       |     1 |     2 |       ||     3
       Held in net/web   |       |       |       |       |     2 |       ||     2
       Distracted        |       |       |       |       |     1 |       ||     1
  Eat: Chunk             |     2 |     6 |    12 |    62 |    57 |       ||   139
       Fruit             |       |       |     2 |     2 |       |       ||     4
       Bread ration      |       |       |     1 |       |       |       ||     1
       Royal jelly       |       |       |       |     1 |     1 |       ||     2
       Beef jerky        |       |       |       |       |     3 |     4 ||     7
       Pizza             |       |       |       |       |     3 |       ||     3
Armor: Ring mail         |    45 |    71 |    15 |       |       |       ||   131
       Chain mail        |       |       |    94 |    31 |       |       ||   125
       Plate armour      |       |       |       |   314 |   807 |   130 ||  1251
       Scale mail        |       |       |       |    17 |    37 |       ||    54
Dodge: Dodged            |    71 |    98 |   112 |   333 |   927 |   123 ||  1664
Block: Other             |       |       |       |       |    47 |       ||    47
       Reflection        |       |       |       |       |     8 |       ||     8
       Rpst.: Falchion   |    22 |     8 |       |       |       |       ||    30
       Long sword        |       |    27 |    25 |    95 |    30 |       ||   177
       Triple sword      |       |       |       |       |   190 |    25 ||   215
       Demon blade       |       |       |       |       |     6 |       ||     6
       Great sword       |       |       |       |       |     2 |    10 ||    12
